 Seeded DCSS version 0.29-a0-911-g88e6f02907 (webtiles) character file.

Game seed: 12646791263056600687 (custom seed)

107 purpskrrrp the Sneak (level 4, 0/35 HPs)
             Began as a Demonspawn Delver on July 25, 2022.
             Succumbed to a scorpion's poison
             ... on level 4 of the Dungeon.
             The game lasted 00:05:46 (1575 turns).

purpskrrrp the Sneak (Demonspawn Delver)            Turns: 1575, Time: 00:05:47

Health: 0/35       AC:  3    Str: 14    XL:     4   Next: 56%
Magic:  4/4        EV: 12    Int: 11    God:
Gold:   42         SH:  5    Dex: 15    Spells: 3/3 levels left

rFire   . . .      SeeInvis .   a - +0 mace
rCold   . . .      Faith    .   (no shield)
rNeg    . . .      Spirit   .   b - +0 leather armour
rPois   .          Reflect  +   (helmet restricted)
rElec   .          Harm     .   (no cloak)
rCorr   .          Rampage  .   (no gloves)
Will    .....                   (no boots)
Stlth   +++.......              h - amulet of reflection
HPRegen 0.11/turn               (no ring)
MPRegen 0.09/turn               (no ring)

@: mighty, lethally poisoned (0 -> -12), flying
A: hooves 1, horns 1
a: no special abilities


You were on level 4 of the Dungeon.
You visited 1 branch of the dungeon, and saw 2 of its levels.

You collected 42 gold pieces.

Inventory:

Hand Weapons
 a - a +0 mace (weapon)
Armour
 b - a +0 leather armour (worn)
Jewellery
 h - an amulet of reflection (around neck)
Wands
 g - a wand of digging (3)
Scrolls
 c - a scroll of fog
 f - a scroll of identify {unknown}
 j - a scroll of teleportation {unknown}
 n - a scroll of enchant armour {unknown}
Potions
 i - a potion of berserk rage {unknown}
 k - a potion of mutation {unknown}
 l - a potion of flight
 m - a potion of cancellation {unknown}
 o - a potion of invisibility {unknown}


   Skills:
 + Level 3.2 Fighting
 + Level 2.3 Maces & Flails
 + Level 1.4 Armour
 + Level 2.0 Dodging
 + Level 5.5 Stealth
 + Level 0.1 Shields
 + Level 0.3 Evocations


You had 3 spell levels left.
You didn't know any spells.
Your spell library was empty.

Dungeon Overview and Level Annotations

Branches:
Dungeon (5/15)
 Temple: D:4-7

Altars:

Shops:
D:4 ?


Innate Abilities, Weirdness & Mutations

You have large cloven feet.
You have a pair of small horns on your head.


Message History

You see here a +0 mace.
Found a +0 dagger.
A scorpion comes into view.
The helpless scorpion fails to defend itself.
You hit the scorpion. Your headbutt misses the scorpion.
The scorpion is lightly wounded.
The scorpion stings you! The scorpion completely misses you.
You barely miss the scorpion.
The scorpion is lightly wounded.
The scorpion stings you. You block the scorpion's attack.
You hit the scorpion. You kick the scorpion.
The scorpion is heavily wounded.
The scorpion stings you!
You closely miss the scorpion. Your kick misses the scorpion.
The scorpion is heavily wounded.
The scorpion stings you but does no damage.
The scorpion stings you.
You are poisoned.
The scorpion poisons you!
You barely miss the scorpion. You kick the scorpion.
Your headbutt misses the scorpion.
The scorpion is severely wounded.
You feel very sick. The scorpion stings you.
You closely miss the scorpion. Your kick misses the scorpion.
The scorpion is severely wounded.
You feel sick. The scorpion stings you.
* * * LOW HITPOINT WARNING * * *
You are lethally poisoned!
The scorpion poisons you! The scorpion closely misses you.
Okay, then.
It was a potion of flight.
You feel very buoyant.
You fly up into the air.
* * * LOW HITPOINT WARNING * * *
You feel very sick. The scorpion closely misses you.
It was a potion of might.
You feel very mighty all of a sudden.
You die...

*,*
**#.#**,***,..**
*,,,,,,,, *,*
*,...,,,* *#'#*
***,***** #.#
**#.#**** #.#
*,* ..# #.# #.#
*,* ### #.#
##.## *,* #)#
##...#####****,*
#.#
#.........,,,,,*
####.####
#....#**********
#.......###.#@##
#.##........#s#
#.#####.#####.#
###)#####.# #.#
#..)......# #.#
#.######### #.#
#.# ******#.#
#.# *,,,,,..#
##.# *,****,,*


You could see a scorpion.

Vanquished Creatures
  2 hounds (D:4)
  An orc wizard (D:4)
  An ufetubus (D:4)
  2 worms (D:4)
  4 orcs
  An endoplasm (D:4)
  A goblin (D:4)
12 creatures vanquished.

Notes
Turn   | Place    | Note
-------+----------+-------------------------------------------
     0 | D:5      | purpskrrrp the Demonspawn Delver began the quest for the
                  | Orb.
     0 | D:5      | Reached XP level 1. HP: 18/18 MP: 1/1
    55 | D:5      | Noticed an iguana
    67 | D:5      | Noticed an orc priest
    72 | D:4      | Noticed a hound
    74 | D:4      | Found Huxu's Magic Scroll Emporium.
    86 | D:4      | Killed a hound
    87 | D:4      | Reached skill level 5 in Stealth
    87 | D:4      | Discovered your monstrous ancestry.
    87 | D:4      | Gained mutation: You have large cloven feet. [demonic
                  | ancestry]
    87 | D:4      | Reached XP level 2. HP: 15/24 MP: 2/2
    87 | D:4      | Reached XP level 3. HP: 18/29 MP: 3/3
   606 | D:4      | Reached skill level 1 in Armour
   606 | D:4      | Gained mutation: You have a pair of small horns on your
                  | head. [demonic ancestry]
   606 | D:4      | Reached XP level 4. HP: 15/35 MP: 4/4
  1566 | D:4      | Noticed a scorpion
  1575 | D:4      | Succumbed to a scorpion's poison

Illustrated notes

Levels and vault maps discovered:
D:4:      layout_loops_corners, lemuel_zombie_altar_yredelemnul,
          minmay_misc_feat_encased, nicolae_take_the_stairs, uniq_grinder
D:5:      layout_basic, minmay_temple_entry_glassed_door,
          cheibrodos_sewer_entry_bend

Skill      XL: |  1  2  3  4 |
---------------+-------------+-----
Maces & Flails | 2 |  2.3
Stealth        | 5 |  5.5
Armour         | 1 |  1.4
Dodging        | 2 |  2.0
Fighting       | |  3.2
Shields        | |  0.1
Evocations     | |  0.3

Action                   |  1- 3 |  4- 6 || total
-------------------------+-------+-------++-------
Melee: Mace              |    38 |    38 ||    76
       Punch             |     2 |       ||     2
       Kick              |     3 |     5 ||     8
       Headbutt          |       |     5 ||     5
Evoke: Wand              |     5 |       ||     5
  Use: Potion            |     1 |     2 ||     3
       Scroll            |     1 |     2 ||     3
 Stab: Paralysed         |     6 |       ||     6
       Sleeping          |     3 |     1 ||     4
Armor: Leather armour    |     2 |     7 ||     9
Dodge: Dodged            |    18 |    20 ||    38
Block: Other             |     8 |    10 ||    18

Table legend: (Time is in decaauts)
 A = Elapsed time spent in this place.
 B = Non-inter-level travel time spent in this place.
 C = Inter-level travel time spent in this place.
 D = Time resting spent in this place.
 E = Time spent auto-exploring this place.
 F = Levels seen in this place.
 G = Mean time per level.
                   A        B        C        D        E       F      G
               +--------+--------+--------+--------+--------+-----+--------+
         Total |   1579 |   1485 |     94 |    620 |    592 |   2 |  789.5 |
       Dungeon |   1579 |   1485 |     94 |    620 |    592 |   2 |  789.5 |
               +--------+--------+--------+--------+--------+-----+--------+

Top non-repeatable levels by time:
     D:4: 1523 daAuts
     D:5: 56 daAuts
